 Dungeon Crawl Stone Soup version 0.31.0-9-g3a7656b989 (webtiles) character file.

Game seed: 17150585669598086272

226 Amplified the Chopper (level 6, -1/52 HPs)
             Began as a Hill Orc Reaver on Feb 1, 2024.
             Was an Initiate of the Shining One.
             Slain by a bullfrog (8 damage)
             ... on level 4 of the Dungeon.
             The game lasted 00:04:25 (2813 turns).

Amplified the Chopper (Hill Orc Reaver)             Turns: 2813, Time: 00:04:25

Health: -1/52      AC:  3    Str: 17    XL:     6   Next: 1%
Magic:  6/8        EV: 11    Int: 16    God:    the Shining One [......]
Gold:   143        SH:  0    Dex:  9    Spells: 3/8 levels left

rFire   . . .        a - +0 hand axe
rCold   . . .        (no shield)
rNeg    . . .        h - +1 robe of Edorawus {rElec Int+3 SInv Archmagi}
rPois   .            (no helmet)
rElec   +            (no cloak)
rCorr   .            (no gloves)
SInv    +            (no boots)
Will    .....        (no amulet)
Stlth   +            (no ring)
HPRegen 0.28/turn    (no ring)
MPRegen 0.11/turn

%: archmagi
@: very slightly contaminated, hasted, glowing, very quick
A: no striking features
a: Renounce Religion


You were on level 4 of the Dungeon.
You worshipped the Shining One.
The Shining One was noncommittal.
You visited 2 branches of the dungeon, and saw 5 of its levels.

You collected 143 gold pieces.

Inventory:

Hand Weapons
 a - a +0 hand axe (weapon)
Armour
 h - the +1 robe of Edorawus (worn) {rElec Int+3 SInv Archmagi}
   (You took it off an orc on level 2 of the Dungeon)

   Int+3:     It affects your intelligence (+3).
   rElec:     It insulates you from electricity.
   SInv:      It lets you see invisible.
   Archmagi:  It increases the power of your magical spells.
Jewellery
 b - a ring of positive energy
Scrolls
 i - a scroll of revelation
Potions
 c - 2 potions of resistance
 e - a potion of attraction


   Skills:
 * Level 4.3 Fighting
 * Level 5.6 Axes
 * Level 2.9 Armour
 - Level 1.5 Dodging
 - Level 1.5 Spellcasting
 - Level 3.2 Conjurations
 - Level 0.8 Translocations
 * Level 1.6 Invocations


You had 3 spell levels left.
You knew the following spells:

 Your Spells              Type           Power      Damage    Failure   Level
a - Kiss of Death         Conj/Necr      36%        2d8       11%         1
b - Momentum Strike       Conj/Tloc      22%        3d8       14%         2
c - Mercury Vapours       Alch/Air       2%         N/A       32%         2

Your spell library contained the following spells:

 Spells                   Type           Power      Damage    Failure   Level
 Hailstorm                Conj/Ice       9%         3d6       32%         3
 Mephitic Cloud           Conj/Alch/Air  7%         N/A       38%         3
 Freezing Cloud           Conj/Ice/Air   3%         6-21      98%         5


Dungeon Overview and Level Annotations

Branches:
Dungeon (4/15)             Temple (1/1) D:4

Altars:
Cheibriados
Dithmenos
Elyvilon
Fedhas
Gozag
Hepliaklqana
Nemelex Xobeh
Qazlal
Ru
Trog
Uskayaw
Vehumet
Wu Jian
Xom
Yredelemnul
The Shining One


Message History

Casting: Momentum Strike (safe; 14% risk of failure)
Confirm with . or Enter, or press ? or * to list all spells.
You don't know that spell.
Unknown command.
Casting: Momentum Strike (safe; 14% risk of failure)
Confirm with . or Enter, or press ? or * to list all spells.
Okay, then.
Unknown command.
Casting: Momentum Strike (safe; 14% risk of failure)
Confirm with . or Enter, or press ? or * to list all spells.
You don't know that spell.
Casting: Momentum Strike (safe; 14% risk of failure)
Confirm with . or Enter, or press ? or * to list all spells.
Aiming: Momentum Strike (safe; 14% risk of failure)
Press: ? - help, Dir - move target, f - bullfrog
Aim: a bullfrog (moderately wounded, 60% to hit)
You feel a surge of power!
You miscast Momentum Strike.
You are very lightly contaminated with residual magic.
Nothing appears to happen.
The bullfrog hits you.
* * * LOW HITPOINT WARNING * * *
You closely miss the bullfrog.
The bullfrog is moderately wounded.
The bullfrog hits you.
* * * LOW HITPOINT WARNING * * *
Okay, then.
Okay, then.
You aren't carrying any items that you can evoke.
Unknown command.
You closely miss the bullfrog.
The bullfrog is moderately wounded.
The bullfrog hits you. The Shining One protects you from harm!
Unknown command.
Unknown command.
Okay, then.
Okay, then.
You barely miss the bullfrog.
The bullfrog is moderately wounded.
The bullfrog hits you!
You die...

.....)....# ......#..#
..>#.#..#### ...#.......#
#..)...##.# ##.####.##.##
##.......##..# ##.....######.#
##....)..## #@# #.........# #F#
##.......## #.# ##...†.## #.##
##...##### #..# #######......#
##.# #.........##.# #.# #####
#.##.##.#.## #.# ##...##
#.##.##....#.####.#######.....##


You could see a bullfrog.

Vanquished Creatures
  A sky beast (D:4)
  A sleepcap (D:4)
  4 adders
  4 dart slugs
  4 orcs
  9 ball pythons
  2 bats
  4 endoplasms
  2 giant cockroaches (D:1)
  11 goblins
  6 hobgoblins
  4 kobolds
  A quokka (D:1)
  4 frilled lizards
  5 rats
62 creatures vanquished.

Notes
Turn   | Place    | Note
-------+----------+-------------------------------------------
     0 | D:1      | Amplified the Hill Orc Reaver began the quest for the Orb.
     0 | D:1      | Reached XP level 1. HP: 18/18 MP: 3/3
   237 | D:1      | Reached XP level 2. HP: 22/25 MP: 4/4
   279 | D:1      | Reached skill level 1 in Armour
   451 | D:1      | Reached XP level 3. HP: 26/31 MP: 5/5
  1422 | D:2      | Identified the +1 robe of Edorawus {rElec Int+3 SInv
                  | Archmagi}
  1462 | D:2      | Learned a level 2 spell: Momentum Strike
  1580 | D:2      | Reached XP level 4. HP: 36/38 MP: 6/6
  1912 | D:3      | Reached skill level 5 in Axes
  2143 | D:4      | Found a staircase to the Ecumenical Temple.
  2152 | D:4      | Learned a level 2 spell: Mercury Vapours
  2159 | D:4      | Reached XP level 5. HP: 35/46 MP: 2/7
  2197 | Temple   | Entered the Ecumenical Temple
  2209 | Temple   | Became a worshipper of the Shining One
  2241 | D:4      | Noticed a sky beast
  2271 | D:4      | Killed a sky beast
  2272 | D:4      | Reached skill level 1 in Invocations
  2735 | D:4      | Reached XP level 6. HP: 48/52 MP: 8/8
  2812 | D:4      | The Shining One protects you from harm!
  2813 | D:4      | Slain by a bullfrog

Illustrated notes

Levels and vault maps discovered:
D:1:      eino_arrival_water_star, layout_loops_cross, minmay_misc_feat_ornament
D:2:      layout_basic, corexii_hall_statues_s
D:3:      layout_basic, minmay_fractal_squares_diagonal_5
D:4:      layout_loops_cross, temple_pool_b
Temple:   nicolae_temple_superstar

Skill      XL: |  1  2  3  4  5 |
---------------+----------------+-----
Armour         | 1 2 |  2.9
Fighting       | 3 4 |  4.3
Axes           | 5 |  5.6
Invocations    | 1 |  1.6
Dodging        | |  1.5
Spellcasting   | |  1.5
Conjurations   | |  3.2
Translocations | |  0.8

Action                     |  1- 3 |  4- 6 || total
---------------------------+-------+-------++-------
  Melee: Hand axe          |   107 |   121 ||   228
         Punch             |     1 |       ||     1
   Cast: Momentum Strike   |       |     4 ||     4
    Use: Scroll            |     1 |     7 ||     8
         Potion            |       |     3 ||     3
   Stab: Sleeping          |       |     1 ||     1
 Armour: Leather armour    |    59 |       ||    59
         Robe              |     1 |    78 ||    79
  Dodge: Dodged            |    68 |    91 ||   159
